 Dungeon Crawl Stone Soup version 0.20-a0-1050-g57248f3 (webtiles) character file.

493660 herpmino the Executioner (level 26, -1/196 (200) HPs)
             Began as a Formicid Fighter on Apr 25, 2017.
             Was the Champion of Ru.
             Slain by a guardian mummy (16 damage)
             ... on level 3 of the Tomb of the Ancients.
             The game lasted 02:28:13 (26589 turns).

herpmino the Executioner (Formicid Fighter)        Turns: 26589, Time: 02:28:13

HP:   -1/196 (200)  AC: 34    Str: 29    XL:     26   Next: 2%
MP:   0/28          EV: 29    Int:  8    God:    Ru [******]
Gold: 2307          SH: 27    Dex: 27    Spells: 17/25 levels left

rFire    . . .     SeeInvis +   c - +5 executioner's axe of Brawl {freeze, *Contam rN+ Str+2 Dex+4}
rCold    + + .     Gourm    .   m - +0 large shield "Efipp" {Dex+3 SInv}
rNeg     + + .     Faith    .   b - +10 chain mail "Uhoblimi" {rC+ Dex+5}
rPois    +         Spirit   +   (helmet unavailable)
rElec    .         Reflect  .   R - +2 cloak {MR+}
rCorr    .         Harm     .   h - +1 pair of gloves {Str+3}
MR       +++..                  I - +2 pair of boots {Fly}
Stlth    ..........             r - amulet of guardian spirit
Regen    0.5/turn               G - ring "Epoacled" {rPois rN+}
MPRegen  0.3/turn               F - ring of Phasing {EV+8}

@: exhausted, no scrolls, drained
A: permanent stasis, dig shafts and tunnels, four strong arms, antennae 3,
hooves 1, iridescent scales 1, large bone plates 1, cold resistance 1, dopey 1,
screaming 1, weak 1, no potion heal 2, inability to read while threatened, hated
by all, no earth magic, no translocations magic, no transmutations magic,
disrupted magic 1, unskilled 1
}: 3/15 runes: decaying, serpentine, silver
a: Dig, Shaft Self, Draw Out Power, Power Leap, Apocalypse, Renounce Religion,
Evoke Flight


You were on level 3 of the Tomb of the Ancients.
You worshipped Ru.
Ru was exalted by your worship.
You were near starving.

You visited 10 branches of the dungeon, and saw 44 of its levels.
You visited 1 ziggurat, and saw 9 of its levels.
You also visited: Labyrinth, Sewer and Desolation.

You collected 4232 gold pieces.
You spent 1925 gold pieces at shops.

Inventory:

Hand Weapons
 c - the +5 executioner's axe of Brawl (weapon) {freeze, *Contam rN+ Str+2 Dex+4}
   (You acquired it on level 9 of a ziggurat)

   It has been specially enchanted to freeze those struck by it, causing extra
   injury to most foes and up to half again as much damage against particularly
   susceptible opponents.
   It can also slow down cold-blooded creatures.
   It affects your strength (+2).
   It affects your dexterity (+4).
   It protects you from negative energy.
   It causes magical contamination when unequipped.
 P - a +9 executioner's axe of chopping
Missiles
 N - 4 throwing nets (quivered)
Armour
 b - the +10 chain mail "Uhoblimi" (worn) {rC+ Dex+5}
   (You took it off a servant of whispers in the Desolation of Salt)

   It affects your dexterity (+5).
   It protects you from cold.
 h - a +1 pair of gloves of strength (worn)
 m - the +0 large shield "Efipp" (worn) {Dex+3 SInv}
   (You found it on level 13 of the Dungeon)

   It affects your dexterity (+3).
   It lets you see invisible.
 I - a +2 pair of boots of flying (worn)
 J - +0 fire dragon scales
 L - +0 ice dragon scales
 R - a +2 cloak of magic resistance (worn)
Jewellery
 i - an uncursed ring of protection from cold
 o - an uncursed ring of resist corrosion
 q - an uncursed ring of protection from fire
 r - an amulet of guardian spirit (around neck)
 B - an uncursed ring of protection from cold
 F - the ring of Phasing (right hand) {EV+8}
   (You found it on level 3 of the Vaults)

   [ring of evasion]

   It affects your evasion (+8).
 G - the ring "Epoacled" (left hand) {rPois rN+}
   (You found it on level 3 of the Crypt)

   [ring of positive energy]

   It protects you from poison.
   It protects you from negative energy.
 H - an uncursed ring of positive energy
 X - the ring "Mojutops" {*Slow rPois rF+ Str+3}
   (You found it in the Desolation of Salt)

   [ring of protection from fire]

   It affects your strength (+3).
   It protects you from fire.
   It protects you from poison.
   It may slow you when you take damage.
 Z - the ring of Loyf {Wiz rElec Int+7 Stlth-}
   (You found it in the Desolation of Salt)

   [ring of wizardry]

   It improves your spell success rate.
   It affects your intelligence (+7).
   It insulates you from electricity.
   It makes you less stealthy.
Wands
 C - a wand of paralysis (17/24)
 D - a wand of clouds (5/9)
 M - a wand of clouds (4/9)
 Q - a wand of acid (8/15)
Scrolls
 a - 6 scrolls of magic mapping
 k - 8 scrolls of recharging
 l - 4 scrolls of immolation
 n - 10 scrolls of fog
 t - 9 scrolls of enchant weapon
 x - 6 scrolls of fear
 y - 15 scrolls of remove curse
 A - 6 scrolls of identify
 T - 6 scrolls of enchant armour
Potions
 d - 3 potions of might
 e - 10 potions of curing
 g - 3 potions of magic
 j - a potion of agility
 p - 9 potions of mutation
 v - 2 potions of heal wounds
 E - 2 potions of ambrosia
 U - a potion of resistance
 V - 3 potions of invisibility
 W - a potion of cancellation
 Y - 6 potions of flight
Miscellaneous
 S - a lamp of fire
Comestibles
 f - 16 bread rations
 s - 20 royal jellies
 u - 16 meat rations
 z - 32 fruits


   Skills:
 - Level 14.6(13.5) Fighting
 + Level 25.0(23.7) Axes
 - Level 14.5(13.4) Armour
 + Level 13.4(12.3) Dodging
 - Level 16.9(15.7) Shields
 - Level 7.5(6.5) Evocations


You had 17 spell levels left.
You knew the following spells:

 Your Spells              Type           Power        Failure   Level  Hunger
a - Regeneration          Chrm/Necr      #.........   99%         3    ####...
b - Silence               Hex/Air        #.........   100%        5    ######.


Dungeon Overview and Level Annotations

Branches:
Dungeon (15/15)            Temple (1/1) D:4            Lair (6/6) D:9
  Swamp (4/4) Lair:2        Snake (4/4) Lair:3        Slime (0/5) Lair:6
    Orc (2/2) D:11            Elf (0/3) Orc:2        Vaults (5/5) D:13
  Crypt (3/3) Vaults:2       Tomb (2/3) Crypt:3      Depths (1/5) D:15

Altars:
Ashenzari
Cheibriados
Dithmenos
Elyvilon
Fedhas
Gozag
Hepliaklqana
Kikubaaqudgha
Makhleb
Nemelex Xobeh
Qazlal
Ru
Sif Muna
Trog
Uskayaw
Vehumet
Wu Jian
Xom
Yredelemnul
Zin
The Shining One
Beogh
Jiyva

Shops:
D:2 *   D:4 :   D:6 [   D:7 ?   D:9 *   D:12 *[   Orc:1 ?   Orc:2 [(=[%
Snake:3 (   Vaults:1 *   Vaults:4 [

Portals:
Hell: Depths:1
Trove: D:13 (give 14 potions of heal wounds)

Annotations:
D:3 1 exclusion
D:5 Pikel; herpmino's ghost, amateur FoFi
D:14 exclusion: Roxanne, Roxanne
Lair:2 exclusion: oklob plant
Lair:6 1 runed door
Swamp:2 Kirke


Innate Abilities, Weirdness & Mutations

You cannot be hasted, slowed, berserked, paralysed or teleported.
You can dig through walls and to a lower floor.
Your four strong arms can wield two-handed weapons with a shield.
You have a pair of large antennae on your head. (SInv)
You are dopey. (Int -2)
You are weak. (Str -2)
You cannot read scrolls while threatened.
You are hated by all.
You cannot study or cast Earth magic.
You cannot study or cast Translocations magic.
You cannot study or cast Transmutations magic.
Your casting is slightly disrupted.
You are somewhat unskilled. (-1 Apt)
You have large cloven feet.
You are partially covered in iridescent scales. (AC +2)
You are partially covered in large bone plates. (SH +4)
Your flesh is cold resistant. (rC+)
You occasionally shout uncontrollably at your foes.
Potions are poor at restoring your health.


Message History

You block the revenant's attack.
The ushabti shakes and rattles deafeningly! x2
The greater mummy completely misses you.
The bennu closely misses you. x2; You block the bennu's attack.
You block the emperor scorpion's attack.
The emperor scorpion completely misses you. x2
You hear a hideous shriek! x2 2 death scarabs come into view.
Unknown command.
You hit the greater mummy.
The greater mummy is heavily damaged.
You slash the emperor scorpion! You freeze the emperor scorpion.
You slash the bennu! You freeze the bennu.
You barely miss the emperor scorpion. You hit the revenant.
You slash the guardian mummy! You freeze the guardian mummy.
The bennu pecks you but does no damage. You block the bennu's attack.
The bennu claws you!
* * * LOW HITPOINT WARNING * * *
The guardian mummy hits you!!
You die...

#############
............####
......}........##
#...............#
#..............#
#...sM.......#
#.†@Ms§...)..
#MbsLZ..=....
{####sZ..)......
{..{MM§§§.§.....
{{{M8s.§.Z....?.
{.8s..8...§.....
{§.....8.......#
8.....).......$#
(..........[..##


You could see 2 greater mummies, 3 emperor scorpions, a revenant, a bennu, 4
guardian mummies, 5 ushabtiu, a spectral storm dragon, a spectral iron dragon, a
spectral emperor scorpion and 3 death scarabs.

Vanquished Creatures
  An ancient lich (Zig:8)
  2 greater mummies
  Xtahua (Vaults:4)
  A golden dragon (Vaults:5)
  2 profane servitors
  A bone dragon (Crypt:3)
  2 tentacled monstrosities
  8 liches
  5 titans
  9 ancient champions
  2 acid blobs
  A sphinx (shapeshifter) (Vaults:5)
  A thorn hunter (Swamp:4)
  2 tengu reavers
  3 sphinxes
  5 shadow dragons (Vaults:5)
  3 storm dragons
  4 revenants
  7 nagarajas (Snake:4)
  A frost giant (Vaults:5)
  A draconian knight (Zig:6)
  An azure jelly (Zig:3)
  An orc warlord (Orc:2)
  3 fire giants
  The ghost of Gorglomux the Executioner, a journeyman HOBe of Trog (D:14)
  13 vault wardens
  3 imperial myrmidons (Desolation)
  4 deep elf sorcerers
  4 ghouls
  5 curse skulls
  A draconian annihilator (Zig:6)
  15 ironheart preservers
  Aizul (Vaults:1)
  A reaper (Crypt:2)
  9 very ugly things
  2 war gargoyles
  13 stone giants
  4 vampire knights
  An entropy weaver (Vaults:1)
  4 bennus (Tomb:2)
  A deep elf demonologist (Vaults:5)
  4 halazid warlocks (Desolation)
  2 green draconians (Zig:6)
  A purple draconian (Zig:6)
  5 deep elf death magi
  3 eidola
  2 crystal guardians
  A minotaur (Lab)
  8 ettins (Vaults:5)
  2 green deaths (Swamp:4)
  A deep elf high priest (Vaults:5)
  8 ragged hierophants (Desolation)
  5 mummy priests
  28 vault guards
  7 jiangshi
  Harold (D:10)
  6 servants of whispers (Desolation)
  3 fire dragons
  10 yaktaur captains
  2 ice dragons
  A ghost crab (Swamp:3)
  19 naga warriors
  6 peacekeepers (Desolation)
  10 hydras
  2 rakshasas
  2 great orbs of eyes
  Erolcha (Orc:1)
  A spriggan air mage (Zig:4)
  5 death knights
  11 anacondas
  6 alligators
  10 centaur warriors
  25 two-headed ogres
  5 death scarabs
  4 deep troll earth magi
  5 vampire magi
  A thrashing horror (Swamp:4)
  10 ogre magi
  4 tengu warriors (D:15)
  2 orc high priests (Orc:2)
  A death yak (shapeshifter) (Vaults:5)
  4 shock serpents
  A soul eater (Zig:8)
  5 naga sharpshooters
  A titan skeleton (Crypt:2)
  A hell knight (Vaults:5)
  41 skeletal warriors
  8 deep elf knights
  4 salamander mystics
  2 sea snakes (Snake:3)
  17 deep trolls
  2 glowing orange brains
  2 shadow wraiths
  2 anaconda zombies
  5 unseen horrors
  22 ironbrand convokers
  A swamp dragon (shapeshifter) (D:13)
  6 flayed ghosts
  4 deep elf archers
  4 swamp dragons (Swamp:4)
  3 large abominations
  3 naga ritualists
  5 lindwurms
  3 necromancers
  3 wizards
  10 phantasmal warriors
  11 mana vipers
  26 ugly things
  6 wolf spiders
  3 cyclopes
  6 harpies
  10 orc knights
  13 deep elf magi
  A sphinx skeleton (Crypt:3)
  3 orc sorcerers
  4 salamanders
  A faun (shapeshifter) (Vaults:2)
  5 manticores
  3 centaur zombies
  9 elephants (Lair:6)
  A shining eye (shapeshifter) (Zig:1)
  27 black mambas
  Maurice (D:9)
  14 guardian serpents
  16 naga magi
  A smoke demon (Zig:7)
  2 molten gargoyles (Lair:6)
  22 vault sentinels
  8 centaur skeletons
  9 spiny frogs
  5 freezing wraiths
  A catoblepas zombie (Crypt:1)
  2 gargoyles
  38 yaktaurs
  8 komodo dragons
  3 rime drakes (Lair:5)
  An iron troll zombie (Crypt:1)
  A komodo dragon (shapeshifter) (Vaults:5)
  10 guardian mummies
  2 hydra zombies
  A red draconian skeleton (Crypt:2)
  A queen ant zombie (Crypt:3)
  2 tengu conjurers
  2 trolls
  2 meliai (shapeshifter)
  A green draconian skeleton (Crypt:1)
  3 meliai (D:12)
  A queen bee (D:12)
  3 hornets
  21 slime creatures
  3 tyrant leeches
  A hydra skeleton (Crypt:1)
  9 bog bodies
  6 dream sheep (Lair:6)
  48 saltlings (Desolation)
  A fire giant simulacrum (Vaults:2)
  9 blink frogs
  9 hippogriffs
  A spriggan (Swamp:2)
  20 flying skulls
  5 shadows
  A human simulacrum (Vaults:3)
  2 air elementals (Zig:4)
  A vampire (D:13)
  46 yaks
  3 ushabtiu
  A centaur simulacrum (D:14)
  An ettin skeleton (Crypt:2)
  9 wyverns
  12 wraiths
  A wind drake zombie (Crypt:3)
  2 yaks (shapeshifter) (Vaults:1)
  A black mamba skeleton (Crypt:3)
  3 basilisks
  2 hogs
  2 tarantellas (shapeshifter)
  An alligator skeleton (Crypt:2)
  A hog (shapeshifter) (D:15)
  A steam dragon (Lair:6)
  4 wargs
  3 vampire mosquitoes (D:13)
  17 insubstantial wisps
  A hungry ghost (D:12)
  13 swamp worms
  2 acid dragons
  4 hell hounds (Lair:6)
  A torturous demonspawn skeleton (Crypt:2)
  A soldier ant (D:13)
  31 nagas
  A floating eye (Zig:3)
  12 water moccasins
  4 porcupines
  41 orc warriors
  A black bear (D:10)
  3 eyes of draining
  6 ice beasts
  A manticore zombie (Crypt:3)
  2 phantoms
  A sky beast (D:14)
  4 slaves (D:5)
  2 swamp drakes
  23 ogres
  An ettin simulacrum (Crypt:1)
  12 wolves
  4 necrophages
  A boggart (Vaults:3)
  23 centaurs
  11 crocodiles
  A small abomination (Swamp:4)
  A swamp dragon skeleton (Crypt:3)
  2 big kobolds
  A gnoll sergeant (D:8)
  16 bullfrogs
  A fire crab zombie (Crypt:2)
  A hippogriff skeleton (Crypt:1)
  A wyvern zombie (D:13)
  A wyvern skeleton (D:11)
  4 scorpions
  An orc simulacrum (Vaults:2)
  A swamp dragon simulacrum (Crypt:3)
  A troll zombie (Crypt:3)
  21 killer bees
  18 wights
  A manticore simulacrum (Crypt:3)
  A troll skeleton (Crypt:1)
  2 howler monkeys
  9 lava snakes
  A wolf skeleton (Crypt:3)
  4 crimson imps
  A bullfrog zombie (D:6)
  A quasit (D:11)
  4 starcursed masses (Zig:7)
  A demonspawn zombie (Crypt:2)
  21 orc priests
  4 hounds
  2 jellies
  36 orc wizards
  Jessica (D:3)
  4 iguanas
  Natasha (D:2)
  A human skeleton (Crypt:2)
  9 worker ants
  A lightning spire (Zig:6)
  A deep dwarf skeleton (Crypt:2)
  A hound zombie (D:9)
  24 mummies
  A worker ant zombie (D:9)
  A howler monkey skeleton (Crypt:3)
  7 gnolls
  12 adders
  4 shadow imps
  2 oozes
  An adder zombie (D:5)
  4 worms
  2 dart slugs (D:3)
  3 leopard geckos
  117 orcs
  5 ball pythons
  5 giant cockroaches
  6 goblins
  4 hobgoblins
  12 jackals
  10 kobolds
  4 quokkas
  7 bats
  10 frilled lizards
  A hobgoblin zombie (Crypt:3)
  An orc skeleton (Crypt:1)
  A quokka skeleton (D:4)
  4 rats
  7 briar patches (Swamp:4)
  5 fungi
  14 plants
1732 creatures vanquished.

Vanquished Creatures (others)
  A tentacled monstrosity (Vaults:5)
  A tentacled starspawn (Zig:7)
  A thorn hunter (Swamp:4)
  A nagaraja (Snake:4)
  3 vault wardens
  A ghoul (Crypt:1)
  A white draconian (Zig:6)
  A rakshasa (Vaults:3)
  A hydra (D:15)
  A servant of whispers (Desolation)
  A centaur warrior (Vaults:3)
  A two-headed ogre (Vaults:5)
  17 death scarabs (Tomb:2)
  Urug (Lair:3)
  2 hell hogs (Zig:7)
  A thrashing horror (Zig:7)
  A shock serpent (Snake:4)
  A deep elf knight (Vaults:1)
  A sixfirhy (Zig:7)
  2 shadow wraiths (Crypt:3)
  A swamp dragon (Swamp:4)
  A phantasmal warrior (Vaults:4)
  An orc knight (Orc:2)
  A naga mage (Snake:4)
  A rime drake (Lair:5)
  4 yaktaurs
  A blink frog (Lair:3)
  A saltling (Desolation)
  A yak (Lair:5)
  2 ynoxinuls (Zig:7)
  A wyvern (D:14)
  A human simulacrum (Vaults:1)
  A naga (Snake:1)
  An orc warrior (Orc:2)
  A spiny frog skeleton (Crypt:1)
  A centaur (D:15)
  A bullfrog skeleton (Crypt:3)
  An orc wizard (Vaults:4)
  An ogre skeleton (Crypt:1)
  4 orcs
  A fungus (Lair:1)
  4 starspawn tentacles (Zig:7)
72 creatures vanquished.

Grand Total: 1804 creatures vanquished

Notes
Turn   | Place    | Note
-------+----------+-------------------------------------------
     0 | D:1      | herpmino the Formicid Fighter began the quest for the Orb.
     0 | D:1      | Reached XP level 1. HP: 18/18 MP: 1/1
    64 | D:1      | Reached XP level 2. HP: 24/24 MP: 2/2
   205 | D:2      | Reached skill level 3 in Axes
   341 | D:1      | Reached XP level 3. HP: 28/29 MP: 3/3
   730 | D:2      | Found a glowing golden altar of the Shining One.
   761 | D:2      | Found Zin's Purification Station.
   761 | D:2      | Found a glowing silver altar of Zin.
   815 | D:2      | Found an ornate altar of the Wu Jian Council.
  1093 | D:2      | Noticed Natasha
  1105 | D:2      | Killed Natasha
  1105 | D:2      | Reached skill level 4 in Axes
  1105 | D:2      | Reached XP level 4. HP: 30/35 MP: 4/4
  1388 | D:3      | Noticed Jessica
  1398 | D:3      | Reached skill level 5 in Axes
  1398 | D:3      | Reached XP level 5. HP: 37/41 MP: 5/5
  1401 | D:3      | Killed Jessica
  1520 | D:3      | Reached XP level 6. HP: 47/47 MP: 6/6
  1577 | D:3      | Found a glowing drain.
  1597 | Sewer    | Entered a sewer
  1617 | Sewer    | Reached skill level 6 in Axes
  1926 | D:4      | Found a sparkling altar of Nemelex Xobeh.
  1937 | D:3      | Found a faded altar of an unknown god.
  2072 | D:4      | Found Liel's Book Emporium.
  2151 | D:4      | Found a staircase to the Ecumenical Temple.
  2164 | Temple   | Entered the Ecumenical Temple
  2236 | Temple   | Became a worshipper of Ru the Awakened
  2306 | D:5      | Entered Level 5 of the Dungeon
  2355 | D:4      | Reached skill level 7 in Axes
  2355 | D:4      | Reached XP level 7. HP: 47/52 MP: 7/7
  2391 | D:4      | Found a stormy altar of Qazlal.
  2720 | D:5      | Noticed Pikel
  2725 | D:5      | You fall through a shaft!
  2736 | D:6      | You fall through a shaft!
  2778 | D:6      | You fall through a shaft for 3 floors!
  2778 | D:9      | Found Jozapoga's Elemental Accessories.
  2778 | D:9      | Noticed a wyvern
  2799 | D:8      | Killed a wyvern
  2799 | D:8      | Reached skill level 8 in Axes
  2813 | D:8      | Reached XP level 8. HP: 22/58 MP: 2/8
  2876 | D:8      | Found a shadowy altar of Dithmenos.
  2894 | D:8      | Reached skill level 9 in Axes
  2958 | D:8      | Found a bloodstained altar of Trog.
  2973 | D:8      | Noticed a two-headed ogre
  2985 | D:8      | Killed a two-headed ogre
  2985 | D:8      | Reached skill level 10 in Axes
  2985 | D:8      | Reached skill level 5 in Shields
  2985 | D:8      | Reached XP level 9. HP: 38/64 MP: 6/9
  3004 | D:8      | Noticed a two-headed ogre
  3127 | D:7      | Found Tiraluu's Magic Scroll Shoppe.
  3130 | D:7      | Bought a scroll of remove curse for 36 gold pieces
  3130 | D:7      | Bought a scroll of magic mapping for 42 gold pieces
  3130 | D:7      | Bought a scroll of fear for 42 gold pieces
  3130 | D:7      | Bought a scroll of remove curse for 36 gold pieces
  3144 | D:7      | Gained mutation: You cannot read scrolls while threatened. [Ru sacrifice]
  3144 | D:7      | Reached * piety under Ru
  3420 | D:6      | Found Raij's Armour Shoppe.
  3495 | D:6      | Reached skill level 11 in Axes
  4166 | D:5      | HP: 3/64 [Pikel/whip of electrocution (10)]
  4168 | D:5      | You fall through a shaft for 2 floors!
  4299 | D:5      | Reached XP level 10. HP: 27/70 MP: 6/10
  4317 | D:5      | Noticed herpmino's ghost (amateur FoFi)
  4329 | D:5      | You fall through a shaft!
  4334 | D:6      | You fall through a shaft for 2 floors!
  4368 | D:8      | Noticed a manticore
  4371 | D:8      | You fall through a shaft for 2 floors!
  4371 | D:10     | Entered Level 10 of the Dungeon
  4477 | D:10     | Noticed a two-headed ogre
  4540 | D:11     | Reached skill level 12 in Axes
  4698 | D:10     | Noticed Harold
  4713 | D:10     | Killed Harold
  4713 | D:10     | Reached skill level 13 in Axes
  4805 | D:11     | Noticed a purple ugly thing
  4812 | D:10     | Found a shadowy altar of Dithmenos.
  4864 | D:10     | Gained mutation: You cannot study or cast Earth magic. [Ru sacrifice]
  4864 | D:10     | Gained mutation: You cannot study or cast Transmutations magic. [Ru sacrifice]
  4864 | D:10     | Gained mutation: You cannot study or cast Translocations magic. [Ru sacrifice]
  4864 | D:10     | Reached ** piety under Ru
  4924 | D:10     | Noticed a two-headed ogre
  4933 | D:10     | Killed a two-headed ogre
  4933 | D:10     | Reached XP level 11. HP: 66/77 MP: 11/11
  5215 | D:10     | Noticed an unseen horror
  5222 | D:10     | Killed an unseen horror
  5222 | D:10     | Reached skill level 5 in Fighting
  5222 | D:10     | Reached skill level 14 in Axes
  5346 | D:10     | Noticed a two-headed ogre
  5353 | D:10     | Killed a two-headed ogre
  5487 | D:9      | Found a staircase to the Lair.
  5698 | D:9      | Noticed Maurice
  5715 | D:9      | Killed Maurice
  5953 | D:8      | Killed a manticore
  5971 | D:8      | Found a sparkling altar of Nemelex Xobeh.
  6036 | D:8      | Noticed a two-headed ogre
  6040 | D:8      | Killed a two-headed ogre
  6193 | D:8      | Killed a two-headed ogre
  6193 | D:8      | Reached skill level 15 in Axes
  6193 | D:8      | Reached XP level 12. HP: 69/91 MP: 7/12
  6288 | Lair:1   | Entered Level 1 of the Lair of Beasts
  6294 | Lair:1   | Found a labyrinth entrance.
  6362 | Lab      | Entered a labyrinth
  6423 | Lab      | Reached skill level 1 in Evocations
  6585 | Lab      | Noticed a minotaur
  6598 | Lab      | Killed a minotaur
  6598 | Lab      | Reached skill level 1 in Dodging
  6615 | Lab      | Identified a +0 pair of boots of running (You found it in a labyrinth)
  6793 | Lair:2   | Gained mutation: You are somewhat unskilled. (-1 Apt) [Ru sacrifice]
  6793 | Lair:2   | Reduced skill Axes to level 13
  6793 | Lair:2   | Reached *** piety under Ru
  6793 | Lair:2   | Reached **** piety under Ru
  6821 | Lair:2   | Reached skill level 14 in Axes
  6914 | Lair:1   | Noticed a four-headed hydra
  6924 | Lair:1   | Killed a one-headed hydra
  7276 | Lair:1   | You fall through a shaft!
  7446 | Lair:3   | Reached XP level 13. HP: 88/96 MP: 14/16
  7450 | Lair:3   | Reached skill level 5 in Armour
  7534 | Lair:2   | Found a blossoming altar of Fedhas.
  7837 | Lair:2   | Found a staircase to the Swamp.
  7979 | Lair:3   | Noticed Urug
  8275 | Lair:4   | Reached skill level 5 in Evocations
  8511 | Lair:5   | Gained mutation: You are hated by all. [Ru sacrifice]
  8511 | Lair:5   | Reached ***** piety under Ru
  8594 | Lair:6   | Entered Level 6 of the Lair of Beasts
  8615 | Lair:6   | Reached skill level 5 in Dodging
  8631 | Lair:6   | Noticed a four-headed hydra
  8638 | Lair:6   | Killed a one-headed hydra
  9265 | Lair:6   | Found a runed door.
  9265 | Lair:6   | Found a viscous altar of Jiyva.
  9265 | Lair:6   | Found a staircase to the Slime Pits.
  9265 | Lair:6   | Noticed an acid blob
  9265 | Lair:6   | Noticed an acid blob
  9265 | Lair:6   | Noticed an acid blob
  9364 | Lair:6   | Noticed a six-headed hydra
  9370 | Lair:6   | Killed a three-headed hydra
  9370 | Lair:6   | Reached XP level 14. HP: 88/103 MP: 16/19
  9723 | Lair:3   | Found a staircase to the Snake Pit.
  9815 | Lair:3   | Killed Urug
  9976 | D:9      | You fall through a shaft for 3 floors!
  9992 | D:12     | Found Niry's Serpentskin Sales.
 10233 | D:11     | Found a staircase to the Orcish Mines.
 10260 | Orc:1    | Entered Level 1 of the Orcish Mines
 10274 | Orc:1    | Found Ceaclip's Magic Scroll Shoppe.
 10289 | Orc:1    | Noticed Erolcha
 10298 | Orc:1    | Killed Erolcha
 10355 | Orc:1    | Bought a scroll of fog for 22 gold pieces
 10355 | Orc:1    | Bought 3 scrolls of identify for 66 gold pieces
 10355 | Orc:1    | Bought a scroll of identify for 22 gold pieces
 10355 | Orc:1    | Bought a scroll of fog for 22 gold pieces
 10548 | Orc:2    | Entered Level 2 of the Orcish Mines
 10558 | Orc:2    | Found a staircase to the Elven Halls.
 10719 | Orc:2    | Noticed an orc warlord
 10753 | Orc:2    | Killed an orc warlord
 10753 | Orc:2    | Reached skill level 15 in Axes
 10805 | Orc:2    | Found Coabbeing's Antique Weapon Emporium.
 10806 | Orc:2    | Found a roughly hewn altar of Beogh.
 10807 | Orc:2    | Found Viudoamy's Antique Armour Shoppe.
 10867 | Orc:2    | Found Ukla's Jewellery Boutique.
 10901 | Orc:2    | Found a roughly hewn altar of Beogh.
 10987 | Orc:2    | Found a roughly hewn altar of Beogh.
 10988 | Orc:2    | Found Toykalu's Antique Armour Emporium.
 11022 | Orc:2    | Found a roughly hewn altar of Beogh.
 11091 | Orc:2    | Found a roughly hewn altar of Beogh.
 11125 | Orc:2    | Found a roughly hewn altar of Beogh.
 11145 | Orc:2    | Found a roughly hewn altar of Beogh.
 11217 | Orc:2    | Found a roughly hewn altar of Beogh.
 11264 | Orc:2    | Found a roughly hewn altar of Beogh.
 11265 | Orc:2    | Found Uczaephu's Food Shop.
 11593 | Orc:2    | Bought an encrusted scale mail for 234 gold pieces
 11603 | Orc:2    | Identified the +2 scale mail of the Hare {rF+ MR- Regen+ Dex+8} (You bought it in a shop on level 2 of the Orcish Mines)
 11651 | Orc:2    | Bought an uncursed ring of poison resistance for 320 gold pieces
 11677 | Orc:1    | Bought a scroll of enchant weapon for 82 gold pieces
 11677 | Orc:1    | Bought a scroll of recharging for 104 gold pieces
 11677 | Orc:1    | Bought a scroll of enchant armour for 82 gold pieces
 11677 | Orc:1    | Bought 3 scrolls of magic mapping for 115 gold pieces
 11894 | D:6      | Bought a +2 pair of boots of flying for 322 gold pieces
 11917 | D:6      | You are sucked into a shaft for 2 floors!
 11920 | D:8      | You are sucked into a shaft!
 11923 | D:9      | You are sucked into a shaft for 2 floors!
 12170 | D:11     | You are sucked into a shaft for 2 floors!
 12257 | D:13     | Reached XP level 15. HP: 109/114 MP: 18/20
 12277 | D:13     | Found a gate to the Vaults.
 12325 | D:13     | Got a shimmering large shield
 12336 | D:13     | Identified the cursed +0 large shield "Efipp" {Dex+3 SInv} (You found it on level 13 of the Dungeon)
 12413 | D:13     | Found a portal to a secret trove of treasure.
 12463 | D:14     | Gained mutation: Scrolls take you a little longer to read. [mutagenic meat]
 12464 | D:14     | Gained mutation: Potions are less effective at restoring your health. [mutagenic meat]
 12465 | D:14     | Gained mutation: You are dopey. (Int -2) [mutagenic meat]
 12506 | D:14     | Reached skill level 10 in Shields
 12705 | D:14     | Mutation became permanent: You are dopey. (Int -2) [Ru sacrifice]
 12705 | D:14     | Gained mutation: You are dopey. (Int -2) [Ru sacrifice]
 12772 | D:14     | Noticed Gorglomux's ghost (journeyman HOBe)
 12812 | D:14     | Killed Gorglomux's ghost
 12812 | D:14     | Reached skill level 16 in Axes
 12936 | D:14     | Noticed Roxanne
 13098 | D:15     | Entered Level 15 of the Dungeon
 13159 | D:14     | You are sucked into a shaft!
 13789 | D:12     | Found Zail's Antique Armour Shoppe.
 14103 | D:7      | Gained mutation: Your casting is slightly disrupted. [Ru sacrifice]
 14137 | D:7      | You are sucked into a shaft!
 14212 | Lair:1   | You are sucked into a shaft!
 14215 | Lair:2   | You are sucked into a shaft for 2 floors!
 14219 | Lair:4   | You are sucked into a shaft for 2 floors!
 14292 | Lair:6   | Found a large runed door.
 14292 | Lair:6   | Found a large runed door.
 14516 | Snake:1  | Entered Level 1 of the Snake Pit
 14521 | Snake:1  | Reached XP level 16. HP: 105/121 MP: 11/21
 14705 | Snake:4  | Entered Level 4 of the Snake Pit
 14762 | Snake:4  | Reached skill level 17 in Axes
 15019 | Snake:4  | Noticed a nagaraja
 15025 | Snake:4  | Noticed a nagaraja
 15027 | Snake:4  | Killed a nagaraja
 15036 | Snake:4  | Noticed a nagaraja
 15041 | Snake:4  | Killed a nagaraja
 15082 | Snake:4  | Killed a nagaraja
 15141 | Snake:4  | Noticed a nagaraja
 15154 | Snake:4  | Killed a nagaraja
 15231 | Snake:4  | Noticed a nagaraja
 15235 | Snake:4  | Noticed a nagaraja
 15239 | Snake:4  | Noticed a nagaraja
 15243 | Snake:4  | Killed a nagaraja
 15243 | Snake:4  | Reached XP level 17. HP: 120/127 MP: 22/22
 15350 | Snake:4  | Reached skill level 18 in Axes
 15481 | Snake:4  | Reached skill level 15 in Shields
 15634 | Snake:4  | Got a serpentine rune of Zot
 15777 | Snake:4  | Gained mutation: You occasionally shout uncontrollably at your foes. [mutagenic meat]
 15778 | Snake:4  | Gained mutation: Potions are poor at restoring your health. [mutagenic meat]
 15780 | Snake:4  | Gained mutation: You are partially covered in large bone plates. (SH +4) [mutagenic meat]
 15952 | Snake:3  | Found Muqivuss's Weapon Shoppe.
 16085 | Snake:2  | Gained mutation: You are weak. (Str -2) [Ru sacrifice]
 16085 | Snake:2  | Reached ****** piety under Ru
 16441 | Swamp:1  | Entered Level 1 of the Swamp
 16552 | Swamp:2  | Found an opulent altar of Gozag.
 16589 | Swamp:2  | Noticed Kirke
 16774 | Swamp:3  | Reached XP level 18. HP: 122/134 MP: 20/23
 16848 | Swamp:4  | Entered Level 4 of the Swamp
 16997 | Swamp:4  | Reached skill level 19 in Axes
 17213 | Swamp:4  | Lost mutation: You occasionally shout uncontrollably at your foes. [mutagenic meat]
 17214 | Swamp:4  | Gained mutation: You occasionally shout uncontrollably at your foes. [mutagenic meat]
 17215 | Swamp:4  | Gained mutation: You are partially covered in iridescent scales. (AC +2) [mutagenic meat]
 17239 | Swamp:4  | Noticed a tentacled monstrosity
 17256 | Swamp:4  | Killed a tentacled monstrosity
 17269 | Swamp:4  | Reached skill level 10 in Fighting
 17298 | Swamp:4  | Got a decaying rune of Zot
 17430 | Swamp:4  | Identified the Incunabulum of the Snowflakes and Envenoming
 17467 | Swamp:4  | Learned a level 3 spell: Regeneration
 17720 | Lair:2   | meh
 17771 | D:9      | You are sucked into a shaft!
 17774 | D:10     | You are sucked into a shaft!
 17777 | D:11     | You are sucked into a shaft for 3 floors!
 17780 | D:14     | You are sucked into a shaft!
 17786 | D:15     | Found a staircase to the Depths.
 17820 | Depths:1 | Entered Level 1 of the Depths
 17849 | Depths:1 | Gained mutation: You have large cloven feet. [mutagenic meat]
 17850 | Depths:1 | Gained mutation: Your magical capacity is low. (-10% MP) [mutagenic meat]
 17922 | Depths:1 | Found a gateway to Hell.
 17993 | Depths:1 | Noticed a lich
 18008 | Depths:1 | Killed a lich
 18009 | Depths:1 | Found a gateway to a ziggurat.
 18038 | Zig:1    | Entered Level 1 of a ziggurat
 18043 | Zig:1    | Gained mutation: Armour fits poorly on your strangely shaped body. [a shining eye]
 18044 | Zig:1    | Gained mutation: You are very weak. (Str -4) [a shining eye]
 18059 | Zig:2    | Entered Level 2 of a ziggurat
 18062 | Zig:2    | Noticed an acid blob
 18078 | Zig:2    | Killed an acid blob
 18096 | Zig:2    | Identified a scroll of acquirement
 18103 | Zig:3    | Entered Level 3 of a ziggurat
 18106 | Zig:3    | Noticed an acid blob
 18121 | Zig:3    | Killed an acid blob
 18213 | Zig:4    | Entered Level 4 of a ziggurat
 18217 | Zig:4    | Noticed a titan
 18225 | Zig:4    | Reached XP level 19. HP: 102/144 MP: 16/22
 18229 | Zig:4    | Killed a titan
 18260 | Zig:5    | Entered Level 5 of a ziggurat
 18265 | Zig:5    | Noticed a profane servitor
 18283 | Zig:5    | Killed a profane servitor
 18306 | Zig:5    | Got a smoking steel ring
 18320 | Zig:5    | Reached skill level 20 in Axes
 18320 | Zig:5    | Reached XP level 20. HP: 56/153 MP: 10/23
 18400 | Zig:6    | Entered Level 6 of a ziggurat
 18511 | Zig:6    | Identified the cursed ring of Alou {Str+4 Int-2} (You found it on level 5 of a ziggurat)
 18523 | Zig:7    | Entered Level 7 of a ziggurat
 18591 | Zig:7    | Identified Genlits's Handbook of the Destructive Mountains
 18679 | Zig:8    | Entered Level 8 of a ziggurat
 18685 | Zig:8    | Noticed an ancient lich
 18708 | Zig:8    | Killed an ancient lich
 18761 | Zig:8    | Got jacinth-encrusted fire dragon scales
 18772 | Zig:8    | Identified the +2 fire dragon scales "Ginitar" {rElec rF++ rC- MR+ SInv} (You found it on level 8 of a ziggurat)
 18781 | Zig:9    | Entered Level 9 of a ziggurat
 18828 | Zig:9    | Got a crystal executioner's axe
 18829 | Zig:9    | Identified the +5 executioner's axe of Brawl {freeze, *Contam rN+ Str+2 Dex+4} (You acquired it on level 9 of a ziggurat)
 18838 | Zig:9    | Noticed a greater mummy
 18840 | Zig:9    | Noticed a lich
 18841 | Zig:9    | Killed a lich
 18851 | Zig:9    | Killed a greater mummy
 18875 | Zig:9    | Got a brightly glowing bone ring
 18890 | Zig:9    | Identified the cursed ring "Put-Me-On" {rElec EV-3 Str+3} (You found it on level 9 of a ziggurat)
 19033 | Vaults:1 | Entered Level 1 of the Vaults
 19054 | Vaults:1 | Lost mutation: Your magical capacity is low. (-10% MP) [mutagenic meat]
 19269 | Vaults:1 | Reached XP level 21. HP: 120/165 MP: 26/26
 19365 | Vaults:1 | Reached skill level 21 in Axes
 19524 | Vaults:2 | Found a ruined gateway.
 19559 | Vaults:2 | Lost mutation: You occasionally shout uncontrollably at your foes. [potion of mutation]
 19559 | Vaults:2 | Lost mutation: Scrolls take you a little longer to read. [potion of mutation]
 19559 | Vaults:2 | Lost mutation: Armour fits poorly on your strangely shaped body. [potion of mutation]
 19559 | Vaults:2 | Gained mutation: You occasionally shout uncontrollably at your foes. [potion of mutation]
 19559 | Vaults:2 | Lost mutation: You are very weak. (Str -4) [potion of mutation]
 19559 | Vaults:2 | Gained mutation: Your flesh is cold resistant. (rC+) [potion of mutation]
 19561 | Desolati | Entered the Desolation of Salt
 19670 | Desolati | Got a bloodstained chain mail
 19861 | Desolati | Got a pair of fine gloves
 19863 | Desolati | Got a fine tin ring
 19868 | Desolati | Identified Okuifyic's Handbook of Doomed Ice
 19881 | Desolati | Identified the +0 pair of gloves of Kokei {Str+3} (You found it in the Desolation of Salt)
 19955 | Desolati | Reached skill level 10 in Armour
 20007 | Desolati | Got a slimy steel ring
 20013 | Desolati | Identified the Volume of Lucky Contamination
 20019 | Desolati | Identified Seligriq's Volume of Destructive Venom
 20028 | Desolati | Identified the Almanac of Stones
 20039 | Desolati | Learned a level 5 spell: Silence
 20116 | Vaults:2 | Identified the +10 chain mail "Uhoblimi" {rC+ Dex+5} (You took it off a servant of whispers in the Desolation of Salt)
 20119 | Vaults:2 | Identified the ring "Mojutops" {*Slow rPois rF+ Str+3} (You found it in the Desolation of Salt)
 20122 | Vaults:2 | Identified the ring of Loyf {Wiz rElec Int+7 Stlth-} (You found it in the Desolation of Salt)
 20454 | Vaults:2 | Found a staircase to the Crypt.
 20503 | Crypt:1  | Entered Level 1 of the Crypt
 20530 | Crypt:1  | Reached XP level 22. HP: 118/173 MP: 27/27
 20994 | Crypt:3  | Entered Level 3 of the Crypt
 21035 | Crypt:3  | Reached skill level 22 in Axes
 21053 | Crypt:3  | Found a staircase to the Tomb.
 21633 | Crypt:3  | Noticed a bone dragon
 21653 | Crypt:3  | Killed a bone dragon
 21657 | Crypt:3  | Found a basalt altar of Yredelemnul.
 21659 | Crypt:3  | Found an ancient bone altar of Kikubaaqudgha.
 21659 | Crypt:3  | Noticed a profane servitor
 21670 | Crypt:3  | Killed a profane servitor
 21670 | Crypt:3  | Reached XP level 23. HP: 100/175 MP: 25/28
 21725 | Crypt:3  | Identified Gloorx Vloq's Handbook of Evil Arts
 21730 | Crypt:3  | Got a pair of transparent gloves
 21733 | Crypt:3  | Got a twitching turquoise ring
 21733 | Crypt:3  | Got a scintillating bronze ring
 21779 | Crypt:3  | Identified the ring "Epoacled" {rPois rN+} (You found it on level 3 of the Crypt)
 21780 | Crypt:3  | Identified the ring of Thoughtfulness {rN+ MR+ Str+3 Slay-6} (You found it on level 3 of the Crypt)
 21792 | Crypt:3  | Identified the cursed -7 pair of gloves of Henotheism {*Slow rF+++ rC+ Int+4} (You found it on level 3 of the Crypt)
 22485 | Vaults:2 | Reached skill level 23 in Axes
 23462 | Vaults:1 | Noticed Aizul
 23472 | Vaults:1 | Killed Aizul
 23508 | Vaults:1 | Found Jeadoc's General Store.
 23520 | Vaults:1 | Bought a potion of curing for 54 gold pieces
 23520 | Vaults:1 | Bought 2 potions of mutation for 288 gold pieces
 23520 | Vaults:1 | Bought a scroll of identify for 36 gold pieces
 23549 | Vaults:1 | You fall through a shaft!
 23552 | Vaults:2 | You fall through a shaft!
 24034 | Vaults:3 | Reached XP level 24. HP: 183/183 MP: 27/28
 24590 | Vaults:3 | You fall through a shaft!
 24606 | Vaults:4 | Noticed Xtahua
 24631 | Vaults:4 | Reached skill level 10 in Dodging
 24633 | Vaults:4 | Killed Xtahua
 25060 | Vaults:4 | Found Ferchuq's Armour Shoppe.
 25091 | Vaults:4 | You fall through a shaft!
 25091 | Vaults:5 | Entered Level 5 of the Vaults
 25128 | Vaults:5 | Reached skill level 24 in Axes
 25409 | Vaults:5 | Reached XP level 25. HP: 124/189 MP: 20/28
 25682 | Vaults:5 | Identified the Guide on Unstable Protection
 26206 | Vaults:5 | Identified the +7 chain mail of Resonance {Int+4 Dex+6} (You found it on level 5 of the Vaults)
 26288 | Vaults:5 | Got a silver rune of Zot
 26534 | Tomb:1   | Entered Level 1 of the Tomb of the Ancients
 26542 | Tomb:1   | You fall through a shaft!
 26542 | Tomb:2   | Noticed a greater mummy
 26551 | Tomb:2   | Killed a greater mummy
 26551 | Tomb:2   | Reached skill level 25 in Axes
 26560 | Tomb:2   | Noticed a greater mummy
 26565 | Tomb:2   | Noticed a greater mummy
 26572 | Tomb:2   | Noticed a greater mummy
 26577 | Tomb:2   | You fall through a shaft!
 26577 | Tomb:3   | Entered Level 3 of the Tomb of the Ancients
 26577 | Tomb:3   | Noticed a greater mummy
 26581 | Tomb:3   | Reached XP level 26. HP: 18/196 MP: 1/28
 26585 | Tomb:3   | Noticed a greater mummy
 26589 | Tomb:3   | Slain by a guardian mummy

Vault maps used:
D:1:      dpeg_arrival_central
D:2:      zin_purify, lemuel_crystal_altar, grunt_decor_resistance,
          nicolae_tso_swordbearing_angel, uniq_natasha
D:3:      cheibrodos_sewer_entry_bend, chequers_ecumenical_altar_island,
          uniq_jessica
D:4:      lemuel_round_altar, kennysheep_mini, minmay_temple_entry_trees,
          serial_shops, nicolae_shop_stone, nemelex_xobeh_ov_fountains_minmay
D:5:      yredelemnul_altar_generic, first_bread, uniq_pikel
D:6:      serial_shops, nicolae_shop_statue_plus, nrook_mini_vaults
D:7:      serial_shops, nicolae_shop_behind_doors, grunt_ogre_cave, centaur_isle
D:8:      lemuel_crystal_altar, grunt_dithmenos_shadows,
          nemelex_dance_club_becter
D:9:      david_lair_shrubbed, nicolae_elemental_shop, uniq_maurice
D:10:     basic_altar, uniq_harold
D:11:     orc_0_dummy
D:12:     serial_shops, shop, guppyfry_shop_venom
D:13:     david_vaults_2, enter_trove_6, kennysheep_generic_room_5
D:14:     bh_walls_and_bars, uniq_roxanne
D:15:     hangedman_depths_entry_civil_slaughter,
          hangedman_abyss_or_decor_lesser_grid, lemuel_flamethrower_3
Temple:   regret_index_temple_waves
Lair:1:   lab_entry_generic, grunt_megastairs_5, infiniplex_staircase_pool_2
Lair:2:   minmay_swamp_entry_worms, tgw_fedhas
Lair:3:   guppyfry_snake_entry_garden, grunt_megastairs_1, lemuel_fruit_fields,
          lemuel_fruit_tree, uniq_urug
Lair:6:   cheibrodos_lair_end_hotspot, slime_altar_2
Swamp:1:  evilmike_swamp_ruin_rubble_1
Swamp:2:  basic_altar, swamp_pool4, hangedman_swamp_blocks,
          nicolae_swamp_stair_fork, uniq_kirke
Swamp:3:  nicolae_swamp_treefoil, swamp_pool1, uniq_mara
Swamp:4:  swamp_vile, nicolae_swamp_trees_clearing
Snake:1:  nrook_guardian_serpent_double, grunt_megastairs_4
Snake:3:  minmay_shop_star, serial_bayou_shore_a
Snake:4:  snake_pit_salamanders_mu
Orc:1:    serial_shops, nicolae_shop_window_shopping, uniq_erolcha
Orc:2:    grunt_orc_community_town_hall, grunt_orc_community_big_house_1,
          grunt_orc_community_big_house_1, grunt_orc_community_house_1,
          grunt_orc_community_house_3, grunt_orc_community_house_1,
          grunt_orc_community_house_2, grunt_orc_community_house_1,
          grunt_orc_community_house_1, serial_shops, shop, basic_altar,
          minmay_orc_keep
Vaults:1: vaults_room_grunt_arrival_ludios, hangedman_vaults_cutoff,
          vaults_mumra_minichess, v_misc_26, vaults_dpeg_ring,
          hangedman_vaults_stream, v_misc_10, ontoclasm_vaults_claustrophobia,
          grunt_vaults_hallway_short, nicolae_vaults_specimen_jars,
          serial_shops, shop, uniq_aizul
Vaults:2: vaults_mumra_minichess_inversion, nicolae_vaults_three_branches,
          nicolae_vaults_little_squares_6, v_pattern_3, st_spiral_rooms,
          vaults_dpeg_cross, v_misc_1, ontoclasm_vaults_shuriken,
          minmay_crypt_entry_simple_round, nicolae_vaults_little_squares_2,
          ontoclasm_vaults_twist, portal_desolation_entry_nicolae_slug
Vaults:3: v_rooms_1, hangedman_vaults_unwind, v_misc_25,
          nicolae_vaults_puzzle_piece, grunt_vaults_focal, vaults_room_pool,
          ontoclasm_vaults_ring_square, v_misc_9, st_lines,
          vaults_room_fancy_cross, hangedman_vaults_corner_blocks, v_pattern_5,
          vaults_room_door_ring, grunt_vaults_hallway_short,
          nicolae_vaults_little_squares_6, vaults_dpeg_diagonal, v_misc_2
Vaults:4: v_rooms_2, st_lattice, hangedman_vaults_snaps, v_pattern_1,
          nicolae_vaults_shelves_hall, v_misc_4, vaults_room_boxed,
          vaults_room_fancy_cross, nicolae_vaults_network_star,
          nicolae_vaults_diagonal_hallway_8, ontoclasm_vaults_misaligned,
          vaults_dpeg_hooks, ontoclasm_vaults_loading_screen, serial_shops,
          nicolae_shop_competitors_out_of_business, uniq_xtahua
Crypt:1:  serial_glass, glass_columns_b, glass_columns_b, grunt_ministairs_2
Crypt:2:  grunt_megastairs_2, uniq_sojobo
Crypt:3:  lightli_unholy_cathedral,
          nicolae_tomb_entry_unfolded_pyramid_orthogonal,
          corexii_leaking_fountain
Depths:1: enter_ziggurat_f, minmay_room_of_horrors,
          pf_vacation_house_of_asmodeus, guppyfry_shop_blood,
          serial_bayou_shore_b
Zig:7:    ziggurat_pillar_centre_dead_trees
Lab:      labyrinth_mini_lab, lab_fountain, nicolae_lab_stuck,
          nicolae_lab_very_dead_end, labyrinth_lava_lair,
          labyrinth_skeletal_remains
Sewer:    sewer_co_cracked_pipes

Skill      XL: |  1  2  3  4  5  6  7  8  9 10 11 12 13 14 15 16 17 18 19 20 21 22 23 24 25 |
---------------+----------------------------------------------------------------------------+-----
Axes           | 3 4 5 7 8 10 11 13 15 14 15 16 17 18 19 20 21 22 23 24 25 | 25.0
Shields        | 5 7 9 9 12 14 16 | 16.9
Fighting       | 4 7 7 9 11 12 14 | 14.6
Evocations     | 4 7 |  7.5
Armour         | 4 7 8 11 13 14 | 14.5
Dodging        | 2 6 8 11 13 | 13.4

Action                   |  1- 3 |  4- 6 |  7- 9 | 10-12 | 13-15 | 16-18 | 19-21 | 22-24 | 25-27 || total
-------------------------+-------+-------+-------+-------+-------+-------+-------+-------+-------++-------
Melee: War axe           |   118 |   176 |    65 |       |       |       |       |       |       ||   359
       Battleaxe         |       |       |   199 |   467 |  1224 |  1099 |   120 |       |       ||  3109
       Executioner's axe |       |       |       |       |       |       |   443 |  1252 |   336 ||  2031
Throw: Throwing net      |       |       |       |     4 |     1 |       |     4 |       |       ||     9
Invok: Sacrifice Words   |       |       |     1 |       |       |       |       |       |       ||     1
       Sacrifice Arcana  |       |       |       |     1 |       |       |       |       |       ||     1
       Draw Out Power    |       |       |       |     4 |     7 |    15 |     7 |    17 |     3 ||    53
       Sacrifice Skill   |       |       |       |     1 |       |       |       |       |       ||     1
       Apocalypse        |       |       |       |       |     3 |     2 |     4 |     1 |     1 ||    11
       Sacrifice Love    |       |       |       |       |     1 |       |       |       |       ||     1
       Power Leap        |       |       |       |       |     2 |     2 |     1 |       |       ||     5
       Reject Sacrifices |       |       |       |       |     1 |       |       |       |       ||     1
       Sacrifice Purity  |       |       |       |       |     1 |     1 |       |       |       ||     2
       Sacrifice Essence |       |       |       |       |     1 |       |       |       |       ||     1
 Abil: Dig               |     6 |     8 |    16 |    18 |    27 |     5 |     1 |       |       ||    81
       Shaft Self        |       |       |     4 |     4 |     9 |     4 |       |     4 |     2 ||    27
       Stop Flying       |       |       |       |       |       |     1 |       |       |       ||     1
Evoke: Wand              |       |       |     4 |     2 |       |       |       |       |       ||     6
  Use: Scroll            |       |       |     2 |     7 |    13 |     7 |     9 |     5 |     8 ||    51
       Potion            |       |       |       |     3 |     1 |     3 |     9 |       |       ||    16
 Stab: Paralysed         |       |       |     5 |       |     9 |    16 |    12 |     5 |     2 ||    49
       Held in net/web   |       |       |       |     3 |     2 |       |     4 |       |       ||     9
       Distracted        |       |       |       |     3 |    12 |    16 |     1 |     9 |     3 ||    44
       Invisible         |       |       |       |     1 |    18 |    25 |    25 |     8 |    10 ||    87
  Eat: Chunk             |     1 |     6 |     7 |    13 |    28 |    22 |     6 |    11 |     4 ||    98
       Bread ration      |       |       |     1 |       |     1 |     1 |     1 |     1 |       ||     5
       Royal jelly       |       |       |       |     1 |     1 |     1 |       |     2 |       ||     5
       Fruit             |       |       |       |       |     2 |       |       |       |       ||     2
Armor: Scale mail        |    62 |       |       |       |   110 |   154 |    34 |       |       ||   360
       Plate armour      |     2 |    98 |   130 |    84 |       |       |       |       |       ||   314
       Chain mail        |       |       |       |    62 |   208 |       |    25 |   215 |    38 ||   548
       Fire dragon scale |       |       |       |       |       |       |    74 |       |       ||    74
Dodge: Dodged            |    37 |    22 |    39 |    85 |   401 |   277 |   138 |   264 |   149 ||  1412
Block: Shield            |    81 |    93 |   144 |   227 |   411 |       |       |       |       ||   956
       Large shield      |       |       |       |       |   373 |   998 |   559 |  1213 |   308 ||  3451
